 Dungeon Crawl Stone Soup version 0.27.0-1-g7a089689b8 (webtiles) character file.

Game seed: 11980525721838705888

85511 dolemite99 the Marksminotaur (level 15, 0/143 HPs)
             Began as a Minotaur Gladiator on Aug 1, 2021.
             Was a High Priest of Sif Muna.
             Slain by an orc knight (27 damage)
             ... on level 2 of the Orcish Mines.
             The game lasted 00:38:19 (35016 turns).

dolemite99 the Marksminotaur (Minotaur Gladiator)  Turns: 35016, Time: 00:38:20

Health: 0/143      AC: 28    Str: 30      XL:     15   Next: 38%
Magic:  14/14      EV:  9    Int:  6      God:    Sif Muna [*****.]
Gold:   1154       SH:  0    Dex: 11 (13) Spells: 13/14 levels left

rFire    + + .     SeeInvis .   b - +4 longbow
rCold    . . .     Faith    .   (shield currently unavailable)
rNeg     . . .     Spirit   .   U - +2 plate armour {rF+}
rPois    +         Reflect  .   c - +2 hat
rElec    .         Harm     .   K - +2 cloak
rCorr    .         Rampage  .   g - +2 pair of gloves {Str+3}
Will     +....                  (no boots)
Stlth    ..........             (no amulet)
HPRegen  0.33/turn              A - ring of Anunoips {rPois rF+ Str+6}
MPRegen  0.14/turn              (no ring)

@: no status effects
A: horns 2, retaliatory headbutt, deterioration 1, weak 1
a: Renounce Religion, Channel Magic, Forget Spell, Divine Exegesis


You were on level 2 of the Orcish Mines.
You worshipped Sif Muna.
Sif Muna was extremely pleased with you.
You visited 3 branches of the dungeon, and saw 23 of its levels.
You also visited: Gauntlet.

You collected 1879 gold pieces.
You spent 725 gold pieces at shops.

Inventory:

Hand Weapons
 a - a +4 trident
 b - a +4 longbow (weapon)
 O - a +0 glaive
Missiles
 d - 12 throwing nets
 e - 637 stones
 j - 24 boomerangs
 x - 5 curare-tipped darts
 y - 59 poisoned darts
 R - 289 arrows (quivered ammo)
Armour
 c - a +2 hat (worn)
 g - a +2 pair of gloves of strength (worn)
 t - a +3 chain mail of cold resistance
 K - a +2 cloak (worn)
 U - a +2 plate armour of fire resistance (worn)
Magical Staves
 M - a staff of fire
 V - a staff of air
Jewellery
 f - a ring of protection from cold
 h - a +6 ring of dexterity
 i - a ring of willpower
 A - the ring of Anunoips (left hand) {rPois rF+ Str+6}
   (You acquired it on level 1 of the Lair of Beasts)

   [ring of strength]

   Str:       It affects your strength (+6).
   rF:        It protects you from fire.
   rPois:     It protects you from poison.
 L - a ring of positive energy
 T - a +6 ring of intelligence
Wands
 m - a wand of mindburst (15)
 o - a wand of polymorph (10)
 B - a wand of charming (9)
 P - a wand of iceblast (9)
 Q - a wand of paralysis (30)
 W - a wand of acid (11)
Scrolls
 k - 5 scrolls of amnesia
 n - 9 scrolls of teleportation
 p - a scroll of fog
 v - 5 scrolls of magic mapping
 E - 4 scrolls of blinking
 I - 4 scrolls of noise
 S - 3 scrolls of torment
 X - a scroll of enchant armour
Potions
 q - 7 potions of heal wounds
 r - 6 potions of flight
 s - a potion of invisibility
 u - a potion of haste
 z - 5 potions of curing
 C - a potion of mutation
 D - a potion of lignification {unknown}
 F - 3 potions of attraction
 G - 5 potions of might
 H - 4 potions of brilliance
 J - 2 potions of cancellation
 N - 3 potions of ambrosia
 Y - 3 potions of magic {unknown}
 Z - 3 potions of berserk rage {unknown}
Miscellaneous
 l - a tin of tremorstones (1/2)
 w - a phial of floods


   Skills:
 - Level 15.7 Fighting
 - Level 14.2 Polearms
 - Level 16.9 Bows
 - Level 2.0 Throwing
 + Level 15.4 Armour
 - Level 3.2 Dodging


You had 13 spell levels left.
You knew the following spells:

 Your Spells              Type           Power      Damage    Failure   Level
a - Animate Skeleton      Necr           0%         N/A       95%         1

Your spell library contained the following spells:

 Spells                   Type           Power      Damage    Failure   Level
 Apportation              Tloc           0%         N/A       95%         1
 Beastly Appendage        Tmut           0%         N/A       95%         1
 Pain                     Necr           0%         1d4       95%         1
 Sandblast                Erth           0%         2d4       95%         1
 Sting                    Tmut/Pois      0%         1d3       95%         1
 Blink                    Tloc           N/A        N/A       99%         2
 Ensorcelled Hibernation  Hex/Ice        0%         N/A       99%         2
 Passwall                 Tmut/Erth      0%         N/A       99%         2
 Poisonous Vapours        Pois/Air       0%         N/A       99%         2
 Sublimation of Blood     Necr           0%         N/A       99%         2
 Wereblood                Tmut           0%         N/A       99%         2
 Conjure Flame            Conj/Fire      0%         6-21      100%        3
 Ignite Poison            Fire/Tmut/Pois 0%         N/A       100%        3
 Portal Projectile        Hex/Tloc       0%         N/A       100%        3
 Spider Form              Tmut/Pois      0%         N/A       100%        3
 Stone Arrow              Conj/Erth      0%         3d7       100%        3
 Summon Guardian Golem    Hex/Summ       0%         N/A       100%        3
 Swiftness                Air            0%         N/A       100%        3
 Tukima's Dance           Hex            0%         N/A       100%        3
 Vampiric Draining        Necr           0%         2d6       100%        3
 Airstrike                Air            0%         N/A       100%        4
 Animate Armour           Summ/Erth      0%         N/A       100%        4
 Animate Dead             Necr           0%         N/A       100%        4
 Dispel Undead            Necr           0%         3d6       100%        4
 Fulminant Prism          Conj/Hex       0%         3d6       100%        4
 Leda's Liquefaction      Hex/Erth       0%         N/A       100%        4
 Passage of Golubria      Tloc           N/A        N/A       100%        4
 Sticky Flame             Conj/Fire      0%         2d3       100%        4
 Summon Lightning Spire   Summ/Air       0%         N/A       100%        4
 Alistair's Intoxication  Tmut/Pois      0%         N/A       100%        5
 Blade Hands              Tmut           0%         N/A       100%        5
 Bolt of Magma            Conj/Fire/Erth 0%         4d4       100%        5
 Borgnjor's Vile Clutch   Necr/Erth      0%         N/A       100%        5
 Fireball                 Conj/Fire      0%         3d3       100%        5
 Lightning Bolt           Conj/Air       0%         1d11      100%        5
 Metabolic Englaciation   Hex/Ice        0%         N/A       100%        5
 Silence                  Hex/Air        0%         N/A       100%        5
 Dispersal                Tloc           0%         N/A       100%        6
 Eringya's Noxious Bog    Tmut/Pois      0%         N/A       100%        6
 Invisibility             Hex            0%         N/A       100%        6
 Iron Shot                Conj/Erth      0%         9d1       100%        6
 Shadow Creatures         Summ           N/A        N/A       100%        6
 Simulacrum               Ice/Necr       0%         N/A       100%        6
 Statue Form              Tmut/Erth      0%         N/A       100%        6
 Malign Gateway           Summ/Tloc      0%         N/A       100%        7
 Disjunction              Tloc           0%         N/A       100%        8
 Lehudib's Crystal Spear  Conj/Erth      0%         10d2      100%        8
 Dragon's Call            Summ           0%         N/A       100%        9
 Shatter                  Erth           0%         3d5*      100%        9


Dungeon Overview and Level Annotations

Branches:
Dungeon (15/15)            Temple (0/1) D:7            Lair (6/6) D:8
  Swamp (0/4) Lair:2       Spider (0/4) Lair:4        Slime (0/5) Lair:5
    Orc (2/2) D:11            Elf (0/3) Orc:2        Depths (0/5) D:15
Gauntlet (visited)
 Vaults: D:13-14

Altars:
Fedhas
Gozag
Kikubaaqudgha
Makhleb
Okawaru
Ru
Sif Muna
Vehumet
Xom
Yredelemnul
Zin
The Shining One
Beogh
Jiyva

Shops:
D:1 [   D:3 *   D:5 [   D:6 :   D:11 =

Annotations:
Lair:4 3 runed translucent doors, bnorton916's ghost, journeyman DECj
Lair:5 exclusion: downstairs


Innate Abilities, Weirdness & Mutations

You have a pair of horns on your head.
You reflexively headbutt those who attack you in melee.
Your body sometimes deteriorates upon taking damage.
You are weak. (Str -2)


Message History

The arrow closely misses the orc knight.
The orc knight unwields a +0 arbalest.
The orc knight wields a +0 war axe.
The orc knight hits you but does no damage.
An orc priest comes into view. It is wielding a +0 club.
The orc knight hits you but does no damage. x2
Fire: 293 arrows
Press: ? - help, Q - select action, (/) - cycle Shift-Dir - straight line, f - orc knight, p - orc knight
Aim: an orc knight, wielding a +0 war axe, wearing a +0 plate armour and quivering bolts (grey smoke, 73% to hit)
You shoot an arrow. The arrow hits the orc knight!!!
The orc knight is heavily wounded.
The orc priest hits you but does no damage.
The orc knight roars a battlecry!
The orcs go into a battle-frenzy!
Fire: 292 arrows
Press: ? - help, Q - select action, (/) - cycle Shift-Dir - straight line, f/p - orc knight
Aim: an orc knight, wielding a +0 war axe, wearing a +0 plate armour and quivering bolts (grey smoke, heavily wounded, 73% to hit)
You shoot an arrow. The arrow barely misses the orc knight.
The orc knight hits you with a +0 war axe!!
Your body deteriorates!
You feel clumsy. The orc priest barely misses you.
The orc knight hits you but does no damage.
Fire: 291 arrows
Press: ? - help, Q - select action, (/) - cycle Shift-Dir - straight line, f/p - orc knight
Aim: an orc knight, wielding a +0 war axe, wearing a +0 plate armour and quivering bolts (grey smoke, heavily wounded, 73% to hit)
You shoot an arrow.
The arrow closely misses the orc knight.
The orc knight roars a battlecry!
The orc knight goes into a battle-frenzy!
The orc priest hits you but does no damage.
The orc knight hits you with a +0 war axe!!
* * * LOW HITPOINT WARNING * * *
You hear a shout! x2
Unknown command.
Fire: 290 arrows
Press: ? - help, Q - select action, (/) - cycle Shift-Dir - straight line, f/p - orc knight
Aim: an orc knight, wielding a +0 war axe, wearing a +0 plate armour and quivering bolts (grey smoke, heavily wounded, strong, 73% to hit)
You shoot an arrow. The arrow hits the orc knight!
The orc knight is severely wounded.
The orc knight hits you with a +0 war axe!!
You die...

.) ... (## ... ((#
#.# #o# #.# ##§# #.#
##§§# #.# ###§§##
...####.####oo§##
#........§o@###
######.######
########.########
..#.#.......#.....#
#...................
....................
....................
....................
....................


You could see 2 orc knights and an orc priest (strong).

Vanquished Creatures
  A caustic shrike zombie (D:15)
  A minotaur (Gauntlet)
  A fire dragon (Lair:6)
  Josephine (Lair:5)
  Harold (Lair:2)
  7 hydras
  Erolcha (Orc:2)
  A rakshasa (D:15)
  4 boulder beetles
  2 two-headed ogres
  Erica (D:9)
  4 centaur warriors
  Urug (Lair:6)
  7 death yaks
  An orc high priest (Orc:2)
  A skeletal warrior (D:15)
  A flayed ghost (D:15)
  A lindwurm (Lair:6)
  A necromancer (D:15)
  2 deep elf pyromancers
  An orc knight (Orc:2)
  Pikel (D:8)
  11 ugly things
  An orc sorcerer (Orc:2)
  5 cyclopes
  4 oklob plants (Lair:6)
  A shining eye (Gauntlet)
  Maurice (D:8)
  4 elephants (Lair:6)
  Joseph (D:8)
  6 manticores
  11 cane toads
  2 gargoyles
  3 black mambas
  2 torpor snails
  3 molten gargoyles (Lair:6)
  2 unseen horrors
  4 rime drakes
  2 efreet (D:15)
  14 komodo dragons
  A yaktaur (D:13)
  3 kobold demonologists
  A guardian mummy (D:15)
  4 jumping spiders (Lair:4)
  3 polar bears
  2 trolls
  14 slime creatures
  An ettin zombie (D:15)
  11 blink frogs
  A fire dragon zombie (D:15)
  4 redbacks (Lair:4)
  Sigmund (D:3)
  2 vampires
  3 shadows
  38 yaks
  12 wyverns
  A spriggan skeleton (D:15)
  8 wraiths
  Grum (Lair:1)
  10 basilisks
  2 golden eyes (Gauntlet)
  4 humans (D:14)
  A neqoxec (Gauntlet)
  2 steam dragons (Lair:6)
  5 vampire mosquitoes
  2 chaos spawn (Gauntlet)
  A warg (D:11)
  4 acid dragons
  16 water moccasins
  5 hell hounds (Lair:6)
  A hornet zombie (D:8)
  15 orc warriors
  A sky beast (D:5)
  3 ice beasts
  13 wolves
  8 ogres
  16 centaurs
  A phantom (D:6)
  7 kobold brigands
  A gnoll sergeant (D:8)
  13 bullfrogs
  A water moccasin zombie (D:5)
  4 scorpions
  A water moccasin skeleton (D:4)
  10 killer bees
  3 electric eels (Lair:1)
  8 howler monkeys
  3 lava snakes (Lair:6)
  5 centaur zombies
  8 hounds
  3 gnoll shamans
  19 orc priests
  A centaur skeleton (D:6)
  3 jellies
  A bullfrog skeleton (D:6)
  Crazy Yiuf (D:6)
  Jessica (D:2)
  15 orc wizards
  2 iguanas
  5 hell rats (Lair:6)
  A killer bee zombie (D:8)
  A hound zombie (D:3)
  2 hound skeletons
  24 gnolls
  3 adders
  3 white imps
  6 worms
  5 dart slugs
  83 orcs
  A bat zombie (D:7)
  9 endoplasms
  6 giant cockroaches
  5 goblins
  9 hobgoblins
  12 jackals
  16 kobolds
  3 quokkas
  7 ball pythons
  5 frilled lizards
  A jackal skeleton (D:4)
  4 rats
661 creatures vanquished.

Vanquished Creatures (others)
  33 fungi
  42 plants
  5 withered plants (D:15)
80 creatures vanquished.

Grand Total: 741 creatures vanquished

Notes
Turn   | Place    | Note
-------+----------+-------------------------------------------
     0 | D:1      | dolemite99 the Minotaur Gladiator began the quest for the
                  | Orb.
     0 | D:1      | Reached XP level 1. HP: 18/18 MP: 0/0
    87 | D:1      | Found a faded altar of an unknown god.
   137 | D:1      | Became a worshipper of Sif Muna the Loreminder
   137 | D:1      | Reached * piety under Sif Muna
   169 | D:1      | Reached XP level 2. HP: 25/25 MP: 1/1
   294 | D:1      | HP: 1/25 [gnoll (5)]
   814 | D:1      | Reached skill level 5 in Polearms
  1169 | D:1      | Reached XP level 3. HP: 30/30 MP: 2/2
  1178 | D:1      | Found Diteeth's Armour Shoppe.
  1572 | D:2      | Reached XP level 4. HP: 12/37 MP: 3/3
  1576 | D:2      | Reached ** piety under Sif Muna
  2435 | D:2      | Noticed Jessica
  2443 | D:2      | Killed Jessica
  2579 | D:2      | Reached XP level 5. HP: 42/42 MP: 4/4
  3472 | D:3      | Reached *** piety under Sif Muna
  3486 | D:3      | Found Sytua's General Store.
  3595 | D:3      | Bought a potion of curing for 42 gold pieces
  3595 | D:3      | Bought a scroll of fog for 28 gold pieces
  3718 | D:3      | Noticed Sigmund
  3732 | D:3      | Killed Sigmund
  3733 | D:3      | Reached XP level 6. HP: 29/50 MP: 5/5
  4496 | D:4      | Reached XP level 7. HP: 45/56 MP: 6/6
  4947 | D:4      | Reached skill level 10 in Polearms
  5190 | D:5      | Entered Level 5 of the Dungeon
  5263 | D:5      | Found an iron altar of Okawaru.
  5460 | D:5      | Found Noiplet's Antique Armour Boutique.
  5632 | D:5      | Reached XP level 8. HP: 62/62 MP: 7/7
  6220 | D:3      | Bought 2 potions of might for 112 gold pieces
  6377 | D:6      | Reached **** piety under Sif Muna
  6378 | D:6      | Reached skill level 5 in Fighting
  6445 | D:6      | Found a burning altar of Makhleb.
  6763 | D:6      | Found Netubuz's Book Shoppe.
  6771 | D:6      | Reached XP level 9. HP: 72/78 MP: 8/8
  7187 | D:6      | Found a runed translucent door.
  7188 | D:6      | Noticed Crazy Yiuf
  7267 | D:6      | Killed Crazy Yiuf
  7560 | D:7      | Noticed a cyclops
  7565 | D:7      | Noticed a manticore
  7575 | D:7      | Noticed a gargoyle
  7585 | D:7      | Killed a cyclops
  7586 | D:7      | Reached skill level 5 in Armour
  8081 | D:7      | Found a glowing silver altar of Zin.
  8092 | D:7      | Found a shimmering altar of Xom.
  8092 | D:7      | Found a shimmering altar of Xom.
  8092 | D:7      | Found a blossoming altar of Fedhas.
  8847 | D:7      | Killed a gargoyle
  8848 | D:7      | Reached XP level 10. HP: 89/89 MP: 9/9
  8922 | D:7      | Noticed a deep elf pyromancer
  8928 | D:7      | Killed a deep elf pyromancer
  8929 | D:7      | Reached skill level 10 in Armour
  9585 | D:8      | Found a staircase to the Lair.
  9822 | D:8      | Noticed Pikel
  9832 | D:8      | Killed Pikel
  9917 | D:8      | Noticed Maurice
  9928 | D:8      | Killed Maurice
 10105 | D:8      | Noticed Joseph
 10118 | D:8      | Killed Joseph
 10510 | D:8      | Reached ***** piety under Sif Muna
 10620 | D:8      | Received a gift from Sif Muna
 10623 | D:8      | Got Sif Muna's Tome of Creative Poisoning {god gift}
 11291 | D:7      | Found a staircase to the Ecumenical Temple.
 11306 | D:7      | Killed a manticore
 11664 | D:7      | Reached XP level 11. HP: 82/95 MP: 10/10
 11872 | D:7      | Found an ancient bone altar of Kikubaaqudgha.
 12247 | D:7      | Found a shimmering altar of Xom.
 12283 | D:7      | Found a basalt altar of Yredelemnul.
 12299 | D:7      | Found a radiant altar of Vehumet.
 12299 | D:7      | Found a glowing golden altar of the Shining One.
 12299 | D:7      | Found an opulent altar of Gozag.
 12818 | D:9      | Reached skill level 1 in Bows
 12862 | D:9      | Found a glowing silver altar of Zin.
 13085 | D:10     | Entered Level 10 of the Dungeon
 13085 | D:10     | Noticed Erica
 13141 | D:9      | Killed Erica
 13142 | D:9      | Reached skill level 3 in Bows
 13403 | D:10     | Reached skill level 4 in Bows
 13431 | D:10     | Noticed a soul eater
 14050 | D:10     | Reached skill level 5 in Bows
 14603 | D:10     | Found a sacrificial altar of Ru.
 14824 | D:10     | Reached skill level 6 in Bows
 15276 | D:11     | Noticed a boulder beetle
 15287 | D:11     | Killed a boulder beetle
 15288 | D:11     | Reached skill level 7 in Bows
 15848 | D:11     | Noticed a two-headed ogre
 15865 | D:11     | Killed a two-headed ogre
 15866 | D:11     | Reached skill level 8 in Bows
 16282 | D:11     | Received a gift from Sif Muna
 16290 | D:11     | Got Sif Muna's Reference Book on Enchanting Sinister
                  | Secrets {god gift}
 16296 | D:11     | Learned a level 1 spell: Animate Skeleton
 16397 | D:11     | Found a staircase to the Orcish Mines.
 16560 | D:11     | Found Tokis's Jewellery Boutique.
 16618 | D:11     | Bought a ring of protection from cold for 325 gold pieces
 16851 | D:11     | Reached skill level 9 in Bows
 17656 | D:12     | Reached skill level 10 in Bows
 17699 | D:12     | Noticed a two-headed ogre
 17705 | D:12     | Killed a two-headed ogre
 17840 | D:12     | Reached XP level 12. HP: 80/103 MP: 11/11
 18036 | D:12     | Reached skill level 11 in Bows
 18533 | D:12     | HP: 5/103 [large slime creature (11)]
 19219 | Lair:1   | Entered Level 1 of the Lair of Beasts
 19747 | Lair:1   | Noticed Grum
 19759 | Lair:1   | Killed Grum
 19762 | Lair:1   | Noticed a four-headed hydra
 19786 | Lair:1   | Killed a four-headed hydra
 19787 | Lair:1   | Reached skill level 12 in Bows
 20148 | Lair:1   | Identified a scroll of acquirement
 20148 | Lair:1   | Acquired the ring of Anunoips {rPois rF+ Str+6}
 20179 | Lair:1   | Noticed an eight-headed hydra
 20189 | Lair:1   | Killed an eight-headed hydra
 21340 | D:5      | Bought a pair of fine gloves for 218 gold pieces
 21340 | D:5      | Identified the +1 pair of gloves of Untruth {Rampage} (You
                  | bought it in a shop on level 5 of the Dungeon)
 21714 | Lair:2   | Noticed Harold
 21731 | Lair:2   | Killed Harold
 22501 | Lair:2   | Found a staircase to the Swamp.
 22775 | Lair:2   | Noticed a six-headed hydra
 22784 | Lair:2   | Killed a six-headed hydra
 22785 | Lair:2   | Reached skill level 10 in Fighting
 22785 | Lair:2   | Reached skill level 13 in Bows
 22785 | Lair:2   | Reached XP level 13. HP: 102/113 MP: 12/12
 24745 | Lair:4   | Reached skill level 14 in Bows
 25116 | Lair:4   | Got An Early Guide to Rites and Rhymes
 25126 | Lair:4   | Found a hole to the Spider Nest.
 25353 | Lair:4   | Received a gift from Sif Muna
 25356 | Lair:4   | Got Diutwu's Guide on Displaced Arcane Weapons {god gift}
 25662 | Lair:4   | Found a runed translucent gate.
 25662 | Lair:4   | Found a runed translucent gate.
 25662 | Lair:4   | Found a runed translucent gate.
 25860 | Lair:4   | Noticed bnorton916's ghost (journeyman DECj)
 26424 | Lair:5   | Noticed Josephine
 26429 | Lair:5   | Killed Josephine
 26605 | Lair:5   | Found a staircase to the Slime Pits.
 26605 | Lair:5   | Found a viscous altar of Jiyva.
 26902 | Lair:6   | Entered Level 6 of the Lair of Beasts
 27762 | Lair:6   | Reached skill level 15 in Bows
 27762 | Lair:6   | Reached XP level 14. HP: 103/129 MP: 13/13
 28538 | Lair:6   | Received a gift from Sif Muna
 28541 | Lair:6   | Got Sif Muna's Reference Book on the Sinister Rocks {god
                  | gift}
 28992 | Lair:6   | Noticed Urug
 29001 | Lair:6   | Killed Urug
 29043 | Lair:6   | Found a large runed translucent door.
 29300 | Lair:6   | Reached skill level 16 in Bows
 29304 | Lair:6   | Found a large runed translucent door.
 30489 | D:13     | You fall into a shaft and drop 2 floors!
 30489 | D:15     | Entered Level 15 of the Dungeon
 31261 | D:15     | Reached skill level 15 in Fighting
 31267 | D:15     | Found a staircase to the Depths.
 32278 | D:15     | Found a glowing silver altar of Zin.
 32505 | D:14     | Found a glowing golden altar of the Shining One.
 32600 | D:14     | Found a gate leading to a gauntlet.
 32610 | Gauntlet | Entered a Gauntlet
 32610 | Gauntlet | Found a transporter.
 32622 | Gauntlet | Found a transporter.
 32623 | Gauntlet | Found a transporter.
 32631 | Gauntlet | Found a transporter.
 32634 | Gauntlet | Found a transporter.
 32635 | Gauntlet | Found a transporter.
 32647 | Gauntlet | Found a transporter.
 32648 | Gauntlet | Found a transporter.
 32648 | Gauntlet | Found a transporter.
 32656 | Gauntlet | Found a transporter.
 32659 | Gauntlet | Found a transporter.
 32660 | Gauntlet | Found a transporter.
 32668 | Gauntlet | Found a transporter.
 32740 | Gauntlet | Found a transporter.
 32760 | Gauntlet | Gained mutation: Your body sometimes deteriorates upon
                  | taking damage. [a shining eye]
 32901 | Gauntlet | Gained mutation: You are weak. (Str -2) [a neqoxec]
 33040 | Gauntlet | Reached XP level 15. HP: 142/143 MP: 14/14
 33280 | D:14     | Received a gift from Sif Muna
 33366 | D:14     | Got Sif Muna's Almanac of Earthen Dislocation {god gift}
 34406 | Orc:1    | Entered Level 1 of the Orcish Mines
 34488 | Orc:2    | Entered Level 2 of the Orcish Mines
 34492 | Orc:2    | Reached skill level 15 in Armour
 34577 | Orc:2    | Found a staircase to the Elven Halls.
 34715 | Orc:2    | Noticed Erolcha
 34750 | Orc:2    | Killed Erolcha
 35016 | Orc:2    | Slain by an orc knight

Illustrated notes

Levels and vault maps discovered:
D:1:      lightli_arrival_windingriver, layout_basic, serial_glass,
          glass_columns_b, glass_columns_b, ebering_ecumenical_altar_webs,
          serial_shops, shop_statue, st_stairs_13
D:2:      minmay_diamond_boxcup, layout_basic, uniq_jessica
D:3:      layout_rooms, serial_shops, shop, nrook_campfire, uniq_sigmund
D:4:      layout_cave_pools, kennysheep_minor_cross, minmay_misc_feat_x
D:5:      minmay_octagon_keep, layout_basic, lemuel_coloured_pillars_altar,
          nicolae_stop_n_shop_2
D:6:      layout_loops_ring, makhleb_heckhound_becter, st_stairs_7,
          kennysheep_diamond, uniq_crazy_yiuf_cottage
D:7:      minmay_the_grid_octo_tiled_octocenter [minmay_the_grid_octo_pinwheel,
          minmay_the_grid_octo_thin_diamonds, minmay_the_grid_octo_odd_swirl,
          minmay_the_grid_octo_shrine, minmay_the_grid_octo_prize_star,
          minmay_the_grid_square_5x5_two_walls_a,
          minmay_the_grid_square_5x5_half_checkered,
          minmay_the_grid_square_5x5_sharp_hourglass,
          minmay_the_grid_square_5x5_six], layout_loops_cross,
          lemuel_zombie_altar_kikubaaqudgha, mainiacjoe_overflow_alcove_2,
          minitemple, minmay_temple_entry_proselytizer, due_unseen_surprise
D:8:      layout_loops_corners, dpeg_oklobed_lair, special_room
          [special_room_orc], uniq_joseph, uniq_maurice, uniq_pikel
D:9:      layout_gridville, mainiacjoe_overflow_small_starburst
D:10:     layout_small_grid, nicolae_overflow_crystal_walls, special_room
          [special_room_orc], uniq_erica
D:11:     layout_stronghold, erik_orc_4, serial_shops, shop
D:12:     layout_cave_pods
D:13:     layout_cave_pools
D:14:     layout_basic, grunt_vaults_entry_tiered, gauntlet_entry_generic,
          infiniplex_staircase_squiggle, nicolae_tso_carved_into_rock
D:15:     gammafunk_depths_entry_grave, layout_irregular_city,
          lemuel_round_altar
Lair:1:   layout_loops_ring, serial_bayou_shore_b, serial_bayou_shore_a,
          grunt_megastairs_1, uniq_grum
Lair:2:   layout_layer_cave, swamp_mist, uniq_harold
Lair:3:   layout_long_grid
Lair:4:   layout_loops_ring, nicolae_spider_entry_tight_spaces,
          gammafunk_ghost_icy
Lair:5:   layout_misc_corridors, slime_altar_1, uniq_josephine
Lair:6:   cheibrodos_lair_end_hotspot, layout_gridlike, special_room
          [special_room_mythical_zoo], minmay_lair_oklob_chamber, uniq_urug
Orc:1:    layout_caves, basic_altar
Orc:2:    st_orc_elflike, layout_diamond_mine, uniq_erolcha

Skill      XL: |  1  2  3  4  5  6  7  8  9 10 11 12 13 14 15 |
---------------+----------------------------------------------+-----
Polearms       | 4 5 6 8 9 11 12 14 | 14.2
Fighting       | 6 8 10 13 15 | 15.7
Armour         | 9 13 15 | 15.4
Bows           | 10 13 15 16 | 16.9
Throwing       | |  2.0
Dodging        | |  3.2

Action                   |  1- 3 |  4- 6 |  7- 9 | 10-12 | 13-15 || total
-------------------------+-------+-------+-------+-------+-------++-------
Melee: Trident           |    88 |   142 |   291 |   475 |    18 ||  1014
       Headbutt          |    16 |    30 |    74 |   100 |     3 ||   223
       Longbow           |       |       |       |     1 |     1 ||     2
 Fire: Longbow           |       |       |       |   470 |   993 ||  1463
Throw: Throwing net      |       |     3 |       |       |       ||     3
       Boomerang         |       |       |    47 |    59 |       ||   106
       Dart              |       |       |       |     1 |       ||     1
Evoke: Tin of tremorston |       |       |       |     3 |     3 ||     6
       Wand              |       |       |       |       |     3 ||     3
  Use: Potion            |       |       |     3 |     6 |     3 ||    12
       Scroll            |       |       |     1 |    22 |     8 ||    31
 Stab: Held in net/web   |       |     1 |       |       |       ||     1
Armor: Leather armour    |    15 |       |       |       |       ||    15
       Ring mail         |     3 |    33 |     8 |       |       ||    44
       Scale mail        |       |       |    14 |       |       ||    14
       Chain mail        |       |       |    70 |   116 |       ||   186
       Plate armour      |       |       |       |   388 |   302 ||   690
Dodge: Dodged            |    52 |    71 |    95 |   307 |   190 ||   715
Block: Buckler           |       |     3 |    35 |    24 |       ||    62
